 Dungeon Crawl Stone Soup version 0.21.1-1-g345015f (webtiles) character file.

88 inc the Shield-Bearer (level 4, -1/31 HPs)
             Began as an Octopode Fighter on Apr 25, 2018.
             Killed from afar by an orc wizard (10 damage)
             ... with a magic dart
             ... on level 3 of the Dungeon.
             The game lasted 00:03:13 (2426 turns).

inc the Shield-Bearer (Octopode Fighter)            Turns: 2426, Time: 00:03:14

Health: -1/31      AC:  1    Str: 15    XL:     4   Next: 53%
Magic:  4/4        EV: 12    Int: 10    God:
Gold:   109        SH: 12    Dex: 12    Spells: 3/3 levels left

rFire    . . .     SeeInvis +   a - +1 flail
rCold    . . .     Gourm    .   b - +0 shield
rNeg     . . .     Faith    .   (helmet restricted)
rPois    .         Spirit   .   r - +3 amulet of reflection
rElec    .         Reflect  +   g - ring of see invisible
rCorr    .         Harm     .   (no ring)
MR       .....                  (no ring)
Stlth    ++........             (no ring)
HPRegen  0.10/turn              (no ring)
MPRegen  0.09/turn              (no ring)
                                (no ring)
                                (no ring)

@: no status effects
A: almost no armour, stealthy swim, amphibious, 8 rings, constrict 8, camouflage
1, gelatinous body 1
a: no special abilities


You were on level 3 of the Dungeon.
You were not hungry.

You visited 1 branch of the dungeon, and saw 3 of its levels.

You collected 109 gold pieces.

Inventory:

Hand Weapons
 a - a +1 flail (weapon)
Armour
 b - a +0 shield (worn)
Jewellery
 g - a ring of see invisible (left tentacle)
 q - an uncursed ring of teleportation
 r - a +3 amulet of reflection (around mantle)
Scrolls
 e - 2 scrolls of fear
 f - 3 scrolls of enchant weapon
 i - a scroll of enchant armour {unknown}
Potions
 c - a potion of might
 j - a potion of flight
 m - a potion of invisibility
 o - a potion of heal wounds
 p - a potion of magic {unknown}
 s - a potion of degeneration {unknown}
Comestibles
 d - 4 rations


   Skills:
 - Level 3.0 Fighting
 + Level 3.5 Maces & Flails
 - Level 3.0 Dodging
 + Level 4.2 Shields


You had 3 spell levels left.
You didn't know any spells.

Dungeon Overview and Level Annotations

Branches:
Dungeon (3/15)

Altars:
Ru
The Shining One


Innate Abilities, Weirdness & Mutations

You cannot wear most types of armour.
You are very stealthy in the water. (Stealth+)
You are amphibious.
You can wear up to eight rings at the same time.
You can use your tentacles to constrict eight enemies at once.
Your skin changes colour to match your surroundings (Stealth+).
Your rubbery body absorbs attacks. (AC +1, EV +1)


Message History

The orc priest mumbles some strange prayers to Beogh against you.
Beogh smites you!
You are too injured to fight recklessly!
You are too injured to fight recklessly!
You are too injured to fight recklessly!
You are too injured to fight recklessly!
You are too injured to fight recklessly!
You are too injured to fight recklessly!
You are too injured to fight recklessly!
You are too injured to fight recklessly!
You are too injured to fight recklessly!
You are too injured to fight recklessly!
Unknown command.
You release your grip on the orc priest.
The orc hits you with a hand axe.
* * * LOW HITPOINT WARNING * * *
An orc wizard comes into view. It is wielding a dagger.
The orc wizard gestures at you while chanting.
The magic dart hits you!
You die...

## .# .# ##### #.# .#...# ..#
....##.##.#...## #.##
.o......)(....
####.##.#######...##.#...##
....#.#.?≈≈≈.o#@.#.....?.#
g##...#..≈(..oo.#....#....#
.....#.†.≈._.(o..#......#.[.
#..[o#()≈...≈o.#...........
#..<..#..≈≈≈..#).#..##########
#.###..#######..##.>.........#
# ..#... ..#.##.#########.#
####......##.##.##........#
..... #....##.########


You could see 2 orc priests, an orc wizard and 2 orcs.

Vanquished Creatures
  An ooze (D:2)
  A dart slug (D:2)
  8 orcs
  10 bats
  3 giant cockroaches
  5 goblins
  11 hobgoblins
  6 jackals
  5 quokkas
  2 frilled lizards (D:1)
  8 kobolds
  4 rats
64 creatures vanquished.

Vanquished Creatures (others)
  4 toadstools (D:1)
4 creatures vanquished.

Grand Total: 68 creatures vanquished

Notes
Turn   | Place    | Note
-------+----------+-------------------------------------------
     0 | D:1      | inc the Octopode Fighter began the quest for the Orb.
     0 | D:1      | Reached XP level 1. HP: 16/16 MP: 1/1
    83 | D:1      | Reached XP level 2. HP: 8/21 MP: 2/2
   435 | D:1      | HP: 1/21 [jackal (2)]
   437 | D:1      | Reached XP level 3. HP: 2/26 MP: 3/3
  1691 | D:2      | Found a glowing golden altar of the Shining One.
  1929 | D:2      | Reached XP level 4. HP: 30/31 MP: 4/4
  1952 | D:2      | Reached skill level 4 in Shields
  2276 | D:3      | Found a sacrificial altar of Ru.
  2426 | D:3      | Killed from afar by an orc wizard

Skill      XL: |  1  2  3  4 |
---------------+-------------+-----
Maces & Flails | 3 |  3.5
Shields        | 4 |  4.2
Fighting       | |  3.0
Dodging        | |  3.0

Action                   |  1- 3 |  4- 6 || total
-------------------------+-------+-------++-------
Melee: Flail             |    89 |    34 ||   123
       Constrict         |    23 |     9 ||    32
       Tentacles         |    19 |     5 ||    24
  Use: Scroll            |       |     9 ||     9
 Stab: Sleeping          |     4 |     2 ||     6
  Eat: Chunk             |     3 |     2 ||     5
Armor: Skin              |     3 |     1 ||     4
Dodge: Dodged            |    42 |    13 ||    55
Block: Shield            |    41 |    26 ||    67
       Reflection        |       |     2 ||     2
